 Dungeon Crawl Stone Soup version 0.25-a0-287-g56a5b49892 (webtiles) character file.

Game seed: 247760625000529927, levelgen mode: deterministic

30 MoonlitKnight the Poker (level 3, -1/27 HPs)
             Began as a Merfolk Skald on Dec 12, 2019.
             Slain by a bullfrog (3 damage)
             ... on level 2 of the Dungeon.
             The game lasted 00:02:55 (1016 turns).

MoonlitKnight the Poker (Merfolk Skald)             Turns: 1016, Time: 00:02:56

Health: -1/27      AC:  5    Str: 12    XL:     3   Next: 18%
Magic:  1/6        EV: 11    Int: 12    God:
Gold:   65         SH:  0    Dex: 13    Spells: 0/6 levels left

rFire    . . .     SeeInvis .   a - +0 spear
rCold    . . .     Gourm    .   (no shield)
rNeg     . . .     Faith    .   k - +0 ring mail
rPois    .         Spirit   .   (no helmet)
rElec    .         Reflect  .   (no cloak)
rCorr    .         Harm     .   (no gloves)
MR       .....                  (no boots)
Stlth    +.........             (no amulet)
HPRegen  0.09/turn              (no ring)
MPRegen  0.10/turn              (no ring)

@: infused (expiring), very slightly contaminated
A: change form in water, swift swim, stealthy swim
a: no special abilities


You were on level 2 of the Dungeon.
You were hungry.

You visited 1 branch of the dungeon, and saw 2 of its levels.

You collected 65 gold pieces.

Inventory:

Hand Weapons
 a - a +0 spear (weapon)
 h - a +0 hunting sling
Missiles
 f - 13 sling bullets
Armour
 b - a +0 leather armour
 k - a +0 ring mail (worn)
Jewellery
 m - an uncursed ring of magical power {unknown}
Scrolls
 e - a scroll of noise {unknown}
 g - 2 scrolls of identify {unknown}
 j - a scroll of remove curse {unknown}
 l - a scroll of fear {unknown}
Potions
 i - a potion of flight {unknown}
Comestibles
 c - 2 chunks of flesh
 d - 2 rations


   Skills:
 - Level 2.1 Fighting
 + Level 4.2 Polearms
 - Level 0.6 Armour
 - Level 2.6 Dodging
 - Level 2.0 Spellcasting
 + Level 4.0 Charms


You couldn't memorise any spells.
You knew the following spells:

 Your Spells              Type           Power        Failure   Level  Hunger
a - Infusion              Chrm           ##..         12%         1    ##.....
b - Shroud of Golubria    Chrm/Tloc      #.....       38%         2    ###....
c - Spectral Weapon       Hex/Chrm       #.......     63%         3    ####...

Your spell library contained the following spells:

 Spells                   Type           Power        Failure   Level  Hunger
 Song of Slaying          Chrm           ##......     19%         2    ###....
 Regeneration             Chrm/Necr      #.........   63%         3    ####...


Dungeon Overview and Level Annotations

Branches:
Dungeon (2/15)

Altars:
Okawaru


Message History

The bullfrog barely misses you. The bullfrog closely misses you.
You barely miss the bullfrog.
The bullfrog is heavily wounded.
The bullfrog hits you.
* * * LOW HITPOINT WARNING * * *
You hit the bullfrog.
The bullfrog is heavily wounded.
The bullfrog closely misses you.
The bullfrog hits you but does no damage.
The bullfrog closely misses you. The bullfrog closely misses you. x2
The bullfrog hits you but does no damage.
The bullfrog hits you.
* * * LOW HITPOINT WARNING * * *
The bullfrog hits you.
* * * LOW HITPOINT WARNING * * *
The bullfrog hits you but does no damage.
Your magical infusion is running out.
The bullfrog hits you.
You die...

.......# ############ .......#
#..........# .......#
#..........# .......#
#......)...# .......#
#..........# .......#
#..........# .......#
#..........#
.......###..........## #####
..#............F@....# #....
#......w#######....########.##.
+.......+.....'..........>#.###
#...w...#######....####.###....
#.####### #....# #.# ##### #.#
#....# #.# # ....# ###### #.# #
....# #.# # ....# #.#######


You could see a bullfrog and a worm.

Vanquished Creatures
  An ooze (D:1)
  A dart slug (D:1)
  A leopard gecko (D:2)
  5 bats (D:1)
  3 hobgoblins (D:1)
  4 frilled lizards (D:1)
  3 goblins (D:1)
  2 kobolds (D:1)
  7 rats (D:1)
27 creatures vanquished.

Notes
Turn   | Place    | Note
-------+----------+-------------------------------------------
     0 | D:1      | MoonlitKnight the Merfolk Skald began the quest for the
                  | Orb.
     0 | D:1      | Reached XP level 1. HP: 16/16 MP: 3/3
   243 | D:1      | Found an iron altar of Okawaru.
   255 | D:1      | Reached XP level 2. HP: 17/22 MP: 0/5
   309 | D:1      | Learned a level 2 spell: Shroud of Golubria
   630 | D:1      | Reached XP level 3. HP: 27/27 MP: 6/6
   636 | D:1      | Learned a level 3 spell: Spectral Weapon
   986 | D:2      | Noticed a bullfrog
  1012 | D:2      | HP: 1/27 [bullfrog (2)]
  1016 | D:2      | Slain by a bullfrog

Levels and vault maps discovered:
D:1:      ncdulo_halloftheorcs, layout_basic, hex_medium,
          hangedman_decor_points, columned_hall_lemuel, minivault_24,
          nrook_mini_vaults, hangedman_decor_push, okawaru_ov_weapons_minmay
D:2:      layout_basic, serial_rivers, chequers_serial_rivers_micro_c,
          chequers_serial_rivers_micro_d, chequers_serial_rivers_large_b,
          chequers_serial_rivers_micro_c, chequers_serial_rivers_large_a,
          first_ration

Skill      XL: |  1  2  3 |
---------------+----------+-----
Polearms       | 4 |  4.2
Charms         | 4 |  4.0
Fighting       | |  2.1
Armour         | |  0.6
Dodging        | |  2.6
Spellcasting   | |  2.0

Action                   || total
-------------------------++-------
Melee: Spear             ||    76
 Cast: Infusion          ||     6
       Shroud of Golubri ||     1
Armor: Leather armour    ||    12
       Ring mail         ||     7
Dodge: Dodged            ||    40

Table legend:
 A = Non-vault XP
 B = Vault XP
 C = Vault XP percentage of total XP
 D = Non-vault monster count
 E = Vault monster count
 F = Vault count percentage of total count
                 A         B        C        D         E       F
            +---------+---------+-------+---------+---------+-------
      Total |      43 |       0 |   0.0 |      27 |       0 |   0.0
            +---------+---------+-------+---------+---------+-------
        D:1 |      40 |       0 |   0.0 |      26 |       0 |   0.0
        D:2 |       3 |       0 |   0.0 |       1 |       0 |   0.0
            +---------+---------+-------+---------+---------+-------
